AoeStats
← Savage_Sevro

Arabia

505137015Analyzed
1v1 RM · 24d ago on Sep 8, 2026· 63m 29s· 2 players
Game mode
Random Map
Map size
Tiny (2 player)
Population
200
Speed
Normal
Resources
Standard
Victory
Conquest
Starting age
Dark Age
Ending age
Imperial Age
RankedLock teamsTeams togetherTeam positionsShared explorationLock speedFull tech treeHidden civsTurbo modeCheats
Victory
Defeat
🇲🇽 Jurchens · Mexico
664
+16
🇨🇦 Ethiopians · Canada
568
-12
tjchavezf
0:57 Loom
11:32 Feudal Age
14:09 Double-Bit Axe
14:29 Horse Collar
16:12 Wheelbarrow
17:06 Gold Mining
17:51 Town Watch
19:26 Bloodlines
26:15 Castle Age
24:54 Forging
25:27 Scale Barding Armor
26:06 Fletching
27:57 Iron Casting
28:07 Hand Cart
28:04 Bow Saw
27:48 Stone Mining
28:45 Heavy Plow
29:11 Light Cavalry
29:52 Husbandry
33:22 Chain Barding Armor
35:24 Scale Mail Armor
36:19 Fervor
36:49 Gold Shaft Mining
36:53 Stone Shaft Mining
37:34 Murder Holes
37:06 Crossbowman
39:24 Sanctity
40:18 Town Patrol
40:15 Bodkin Arrow
40:24 Arson
40:40 Squires
47:24 Imperial Age
45:23 Gambesons
47:09 Elite Skirmisher
48:06 Fortified Bastions
48:30 Conscription
47:41 Sappers
48:47 Hoardings
50:13 Bracer
51:15 Blast Furnace
49:52 Elite Fire Lancer
51:34 Plate Barding Armor
53:42 Elite Steppe Lancer
56:20 Ballistics
57:01 Chemistry
56:09 Siege Engineers
55:46 Treadmill Crane
58:19 Chain Mail Armor
58:04 Padded Archer Armor
58:25 Fortified Bastions
58:51 Masonry
61:20 Block Printing
61:18 Hussar
Savage_Sevro
11:50 Feudal Age
12:26 Loom
13:36 Double-Bit Axe
17:41 Fletching
18:31 Gold Mining
18:45 Horse Collar
24:47 Castle Age
23:08 Stone Mining
26:21 Bow Saw
36:44 Imperial Age
34:47 Forging
34:40 Scale Mail Armor
36:24 Wheelbarrow
38:03 Iron Casting
37:44 Chain Mail Armor
40:51 Heavy Plow
42:18 Blast Furnace
43:16 Chemistry
43:20 Gold Shaft Mining
45:20 Two-Man Saw
45:13 Fortified Wall
44:58 Halberdier
45:55 Murder Holes
46:31 Bodkin Arrow
46:03 Elite Skirmisher
49:19 Plate Mail Armor
53:30 Man-at-Arms
55:09 Long Swordsman
55:50 Squires
55:55 Bracer
55:56 Padded Archer Armor
56:15 Two-Handed Swordsman
58:14 Leather Archer Armor
59:50 Elite Shotel Warrior
Connection lost

Rejoining the realm…

Still unreachable

The connection could not be restored.

Session expired

The server has moved on; the page needs a fresh start.